 Dungeon Crawl Stone Soup version 0.23.2-40-g277498a001 (webtiles) character file.

Game seed: 4155194284686692609

62630 KamiKatze the Impaler (level 15, -13/122 HPs)
             Began as a Merfolk Berserker on Aug 28, 2019.
             Was a High Priest of Trog.
             Mangled by a very large slime creature (42 damage)
             ... on level 14 of the Dungeon.
             The game lasted 01:35:07 (18804 turns).

KamiKatze the Impaler (Merfolk Berserker)          Turns: 18804, Time: 01:35:07

Health: -13/122    AC: 29    Str: 28    XL:     15   Next: 6%
Magic:  16/16      EV: 16    Int:  6    God:    Trog [*****.]
Gold:   185        SH:  0    Dex: 18    Spells: 14/14 levels left

rFire    . . .     SeeInvis .   S - +3 glaive (vamp)
rCold    . . .     Gourm    .   (shield currently unavailable)
rNeg     . . .     Faith    .   n - +6 plate armour of the Pirate {Str+3 Dex+2}
rPois    .         Spirit   .   F - +2 hat {MR+}
rElec    .         Reflect  .   M - +1 cloak
rCorr    .         Harm     .   (no gloves)
MR       +++++                  k - +2 pair of boots of the Assassin {Detection Stab+ Stlth++}
Stlth    ..........             j - amulet of regeneration
HPRegen  1.70/turn              d - +3 ring of dexterity
MPRegen  0.15/turn              O - ring of protection from magic

@: regenerating
A: change form in water, swift swim, stealthy swim
a: Berserk, Trog's Hand, Brothers in Arms, Renounce Religion


You were on level 14 of the Dungeon.
You worshipped Trog.
Trog was extremely pleased with you.
You were not hungry.

You visited 4 branches of the dungeon, and saw 22 of its levels.
You also visited: Ice Cave.

You collected 1758 gold pieces.
You spent 1573 gold pieces at shops.

Inventory:

Hand Weapons
 a - a +3 vampiric trident
 f - a +0 blowgun
 D - a +3 halberd of freezing
 J - a +3 antimagic demon trident
 R - a +1 halberd of flaming
 S - a +3 vampiric glaive (weapon)
 V - a +2 antimagic halberd
Missiles
 i - 97 poisoned needles
 o - 20 tomahawks
 s - a throwing net
 E - 9 curare-tipped needles
 I - 11 javelins (quivered)
Armour
 k - the +2 pair of boots of the Assassin (worn) {Detection Stab+ Stlth++}
   (You acquired it on level 1 of the Orcish Mines)

   It makes you much more stealthy.
 n - the +6 plate armour of the Pirate (worn) {Str+3 Dex+2}
   (You bought it in a shop on level 9 of the Dungeon)

   It affects your strength (+3).
   It affects your dexterity (+2).
 F - a +2 hat of magic resistance (worn)
 M - a +1 cloak (worn)
Jewellery
 d - a +3 ring of dexterity (left hand)
 e - an uncursed ring of poison resistance
 j - an amulet of regeneration (around neck)
 m - an uncursed ring of see invisible
 K - an uncursed ring of fire
 O - a ring of protection from magic (right hand)
Wands
 g - a wand of paralysis (12)
 x - a wand of polymorph (6)
 B - a wand of clouds (5)
 P - a wand of scattershot (2)
 Q - a wand of iceblast (8)
Scrolls
 h - 13 scrolls of remove curse
 q - 5 scrolls of teleportation
 r - 4 scrolls of enchant weapon
 t - a scroll of magic mapping
 v - 2 scrolls of enchant armour
 y - 2 scrolls of blinking
 G - 2 scrolls of identify
 H - 2 scrolls of fear
 L - 2 scrolls of fog
Potions
 b - 6 potions of curing
 p - 4 potions of agility
 u - 2 potions of heal wounds
 w - a potion of might
 z - 5 potions of lignification
 A - 4 potions of haste
 C - 2 potions of ambrosia
 N - a potion of cancellation
 T - 3 potions of resistance
Comestibles
 c - 22 rations
 l - 8 chunks of flesh


   Skills:
 + Level 12.5 Fighting
 * Level 20.6 Polearms
 * Level 11.3 Armour
 + Level 13.1 Dodging
   Level 1.1 Shields
 - Level 2.0 Evocations


You had 14 spell levels left.
You didn't know any spells.
Your spell library was empty.

Dungeon Overview and Level Annotations

Branches:
Dungeon (15/15)            Temple (1/1) D:4            Lair (5/6) D:9
  Swamp (0/4) Lair:4        Snake (0/4) Lair:4          Orc (2/2) D:10
    Elf (0/3) Orc:2        Depths (0/5) D:15
  Slime: Lair:5-6    Vaults: D:13-14

Altars:
Ashenzari
Cheibriados
Dithmenos
Elyvilon
Fedhas
Gozag
Hepliaklqana
Kikubaaqudgha
Makhleb
Nemelex Xobeh
Okawaru
Qazlal
Ru
Sif Muna
Trog
Uskayaw
Vehumet
Wu Jian
Xom
Yredelemnul
Zin
The Shining One
Beogh

Shops:
D:5 =   D:7 =   D:9 *   D:15 }   Orc:2 (=*[:

Annotations:
D:10 need wand of digging
W:0
D:15 Jorgrun


Message History

The wall shatters!
The blast of rock fragments hits you.
Found a stone staircase leading up.
Found a falchion, a bloodstained flail and 4 arrows.
There is a stone staircase leading up here.
A titanic slime creature splits.
You climb upwards.
The centaur warrior shouts!
Found an escape hatch in the ceiling.
There is a stone staircase leading down here.
A centaur comes into view.
The very large slime creature hits you!!!
* * * LOW HITPOINT WARNING * * *
The centaur shouts!
A large slime creature splits.
Okay, then.
Your skin crawls.
You feel resistant to hostile enchantments.
You feel somewhat more hungry.
The very large slime creature hits you!!!
You die...

# .# ### #.#
......
######.#.###
#..........#
#@# #J# #J#
#c# #c#
#.#######.###
#...cJc......
#####.##..###
.<.. ...


You could see a very large slime creature, a slime creature, a centaur warrior
and a centaur.

Vanquished Creatures
  Rupert (Orc:2)
  Gastronok (D:8)
  Louise (D:15)
  Azrael (D:15)
  Snorg (Orc:2)
  2 ogre magi (D:15)
  2 hydras
  2 centaur warriors (D:15)
  2 catoblepae
  8 two-headed ogres
  A queen ant (Lair:3)
  2 tengu warriors (D:15)
  An orc high priest (Orc:2)
  Sonja (D:12)
  Urug (Orc:1)
  A skeletal warrior (D:15)
  An unseen horror (D:11)
  A deep elf mage (D:15)
  A sphinx zombie (D:15)
  A necromancer (D:15)
  5 orc sorcerers (Orc:2)
  An orc knight (Orc:1)
  An ugly thing (D:12)
  Pikel (D:7)
  A cyclops (D:10)
  3 manticores
  A wolf spider (D:15)
  An oklob plant (Lair:4)
  Maurice (D:10)
  3 elephants (Lair:2)
  Joseph (D:8)
  5 black mambas
  A stone giant skeleton (D:15)
  4 centaur skeletons
  4 spiny frogs
  2 rime drakes (Orc:2)
  2 komodo dragons
  2 ice devils (IceCv)
  4 trolls
  A polar bear (D:11)
  7 blink frogs
  3 slime creatures (D:15)
  11 hippogriffs
  Sigmund (D:6)
  Grum (D:10)
  A vampire (D:10)
  A deep troll skeleton (D:15)
  A wyvern (Lair:5)
  5 fire elementals (D:15)
  5 yaks
  A shadow (D:12)
  Eustachio (D:6)
  A basilisk (Lair:4)
  A hungry ghost (D:10)
  A steam dragon (D:8)
  11 wargs
  2 acid dragons (D:15)
  23 water moccasins
  20 soldier ants (Lair:3)
  11 porcupines
  Duvessa (D:6)
  2 hell hounds (D:15)
  14 orc warriors
  4 ice beasts (D:11)
  2 sky beasts
  4 black bears
  4 phantoms
  19 ogres
  An eye of draining (D:15)
  23 wolves
  3 centaurs
  A big kobold (D:11)
  14 crocodiles
  15 bullfrogs
  Dowan (D:6)
  3 wyvern zombies
  2 scorpions
  3 killer bees (D:9)
  5 wights (D:15)
  5 howler monkeys
  2 electric eels
  2 bullfrog zombies
  6 crimson imps
  2 quasits
  11 orc priests
  9 hounds
  5 jellies
  4 bullfrog skeletons
  4 iguanas
  35 orc wizards
  26 worker ants
  2 hound skeletons
  2 howler monkey zombies
  2 worker ant zombies
  7 gnolls
  17 adders
  A shadow imp (D:6)
  A worker ant simulacrum (D:11)
  An ufetubus (D:11)
  An ooze (D:5)
  An adder zombie (D:5)
  A worm (D:2)
  2 dart slugs
  3 leopard geckos
  66 orcs
  2 bats (D:3)
  6 giant cockroaches
  2 hobgoblins
  7 jackals
  14 kobolds
  5 quokkas
  2 ball pythons
  8 frilled lizards
  3 goblins
  A leopard gecko zombie (D:8)
  A quokka skeleton (D:2)
  6 rats
580 creatures vanquished.

Vanquished Creatures (others)
  A wyvern (D:15)
  A water moccasin (D:15)
  A centaur (D:12)
  An orc wizard (Orc:2)
  3 orcs (Orc:2)
  8 fungi (D:9)
  3 plants
18 creatures vanquished.

Grand Total: 598 creatures vanquished

Notes
Turn   | Place    | Note
-------+----------+-------------------------------------------
     0 | D:1      | KamiKatze the Merfolk Berserker began the quest for the
                  | Orb.
     0 | D:1      | Reached XP level 1. HP: 18/18 MP: 1/1
   184 | D:1      | Reached skill level 5 in Polearms
   184 | D:1      | Reached XP level 2. HP: 22/24 MP: 2/2
   831 | D:2      | Reached XP level 3. HP: 30/30 MP: 3/3
  1203 | D:2      | Reached ** piety under Trog
  1371 | D:2      | Reached skill level 6 in Polearms
  1586 | D:3      | Reached XP level 4. HP: 33/37 MP: 4/4
  1866 | D:3      | Found a white marble altar of Elyvilon.
  2234 | D:3      | Reached skill level 7 in Polearms
  2234 | D:3      | Reached XP level 5. HP: 33/43 MP: 5/5
  2433 | D:4      | You fall through a shaft for 3 floors!
  2433 | D:7      | Noticed a slave
  2433 | D:7      | Noticed a slave
  2464 | D:5      | Entered Level 5 of the Dungeon
  2464 | D:5      | Found a bloodstained altar of Trog.
  2547 | D:5      | Reached skill level 8 in Polearms
  2547 | D:5      | Reached XP level 6. HP: 38/50 MP: 6/6
  2563 | D:5      | Reached skill level 5 in Fighting
  2702 | D:4      | Found a hazy altar of Hepliaklqana.
  2702 | D:4      | Found a shimmering altar of Xom.
  2712 | D:4      | Found a faded altar of an unknown god.
  2714 | D:4      | Found a faded altar of an unknown god.
  2718 | D:4      | Found a deep blue altar of Sif Muna.
  3120 | D:4      | Found a staircase to the Ecumenical Temple.
  3128 | Temple   | Entered the Ecumenical Temple
  3466 | D:5      | Reached skill level 9 in Polearms
  3615 | D:5      | Reached *** piety under Trog
  3628 | D:5      | Found Meageleo's Jewellery Emporium.
  3665 | D:5      | Reached XP level 7. HP: 56/56 MP: 7/7
  4008 | D:5      | Reached skill level 10 in Polearms
  4134 | D:6      | Found a bloodstained altar of Trog.
  4316 | D:6      | Reached XP level 8. HP: 57/64 MP: 8/8
  4445 | D:6      | Noticed Duvessa
  4467 | D:6      | Noticed Dowan
  4475 | D:6      | Killed Duvessa
  4486 | D:6      | Killed Dowan
  4545 | D:6      | Reached skill level 11 in Polearms
  4548 | D:6      | Noticed Sigmund
  4569 | D:6      | Killed Sigmund
  4612 | D:6      | Noticed Eustachio
  4620 | D:6      | Killed Eustachio
  5090 | D:7      | Reached XP level 9. HP: 63/71 MP: 9/9
  5157 | D:7      | Reached skill level 5 in Dodging
  5163 | D:7      | Reached skill level 12 in Polearms
  5424 | D:7      | Noticed Pikel
  5437 | D:7      | Killed Pikel
  5536 | D:7      | Found Geshraipa's Jewellery Shop.
  5722 | D:8      | Reached skill level 13 in Polearms
  5790 | D:7      | Reached skill level 5 in Armour
  5850 | D:7      | Reached XP level 10. HP: 73/80 MP: 10/10
  5864 | D:7      | Reached **** piety under Trog
  5937 | D:8      | Noticed a two-headed ogre
  5949 | D:7      | Killed a two-headed ogre
  6072 | D:8      | Noticed Joseph
  6136 | D:8      | Killed Joseph
  6136 | D:8      | Reached skill level 14 in Polearms
  6234 | D:8      | Noticed Gastronok
  6256 | D:8      | Killed Gastronok
  6291 | D:8      | Found a radiant altar of Vehumet.
  6449 | D:8      | Found a glowing silver altar of Zin.
  6450 | D:8      | Noticed an angel
  6482 | D:8      | Reached XP level 11. HP: 70/87 MP: 11/11
  6644 | D:9      | Noticed a two-headed ogre
  6651 | D:9      | Killed a two-headed ogre
  6651 | D:9      | Reached skill level 15 in Polearms
  6794 | D:9      | Found a staircase to the Lair.
  6902 | D:9      | Found Igast's Assorted Antiques.
  6940 | D:9      | Reached ***** piety under Trog
  7288 | D:9      | Found a sparkling altar of Nemelex Xobeh.
  7353 | D:10     | Entered Level 10 of the Dungeon
  7627 | D:10     | Noticed Maurice
  7677 | D:10     | Killed Maurice
  7724 | D:10     | Noticed a cyclops
  7750 | D:10     | Killed a cyclops
  7798 | D:10     | Found a staircase to the Orcish Mines.
  7802 | D:10     | Noticed a death knight
  7804 | D:10     | Noticed Grum
  7818 | D:10     | Killed Grum
  7860 | D:10     | Noticed a tengu warrior
  7860 | D:10     | Noticed a two-headed ogre
  7862 | D:10     | Noticed a cyclops
  8123 | Lair:1   | Entered Level 1 of the Lair of Beasts
  8334 | Lair:1   | Noticed a five-headed hydra
  8348 | Lair:1   | Killed a five-headed hydra
  8348 | Lair:1   | Reached skill level 16 in Polearms
  9039 | Lair:2   | Reached XP level 12. HP: 92/97 MP: 12/12
  9216 | Lair:2   | Reached skill level 10 in Fighting
  9744 | Lair:2   | Reached skill level 10 in Dodging
  9850 | Lair:3   | Noticed a catoblepas
  9892 | Lair:2   | Killed a catoblepas
  9991 | Lair:2   | Reached skill level 17 in Polearms
 10635 | Lair:3   | Noticed a queen ant
 10662 | Lair:3   | Killed a queen ant
 10703 | Lair:3   | Reached ****** piety under Trog
 10794 | Lair:3   | Reached XP level 13. HP: 104/104 MP: 13/13
 11143 | Lair:3   | Received a gift from Trog
 11148 | Lair:3   | Reached skill level 1 in Evocations
 11265 | Lair:4   | Found a staircase to the Snake Pit.
 11317 | Lair:4   | Reached skill level 18 in Polearms
 11906 | Lair:4   | Found a staircase to the Swamp.
 13270 | Orc:1    | Entered Level 1 of the Orcish Mines
 13270 | Orc:1    | Noticed Urug
 13380 | Orc:1    | Killed Urug
 13637 | Orc:1    | Found a radiant altar of Vehumet.
 13713 | Orc:2    | Entered Level 2 of the Orcish Mines
 13821 | Orc:2    | Found a frozen archway.
 13833 | IceCv    | Entered an ice cave
 13915 | Orc:2    | Found Firchinio's Book Boutique.
 13917 | Orc:2    | Noticed Snorg
 13938 | Orc:2    | Killed Snorg
 14070 | Orc:2    | Noticed Rupert
 14094 | Orc:2    | Killed Rupert
 14094 | Orc:2    | Reached skill level 10 in Armour
 14145 | Orc:1    | Identified a scroll of acquirement
 14146 | Orc:1    | Found the +2 pair of boots of the Assassin {Detection Stab+
                  | Stlth++}
 14301 | Orc:1    | Reached skill level 19 in Polearms
 14327 | Orc:1    | Received a gift from Trog
 14867 | Orc:2    | Found a staircase to the Elven Halls.
 14929 | Orc:2    | Found a radiant altar of Vehumet.
 15099 | Orc:2    | Reached XP level 14. HP: 98/113 MP: 15/15
 15206 | Orc:2    | Found Zentierch's Weapon Shoppe.
 15235 | Orc:2    | Found Jeaqurew's Jewellery Boutique.
 15358 | Orc:2    | Received a gift from Trog
 15369 | Orc:2    | Found a roughly hewn altar of Beogh.
 15466 | Orc:2    | Found Zinan's General Store.
 15481 | Orc:2    | Found Ilyr's Armour Boutique.
 16034 | D:9      | Bought a shimmering plate armour for 868 gold pieces
 16049 | D:9      | Identified the +6 plate armour of the Pirate {Str+3 Dex+2}
                  | (You bought it in a shop on level 9 of the Dungeon)
 16175 | Orc:2    | Bought an uncursed amulet of regeneration for 540 gold
                  | pieces
 16432 | D:7      | Bought an uncursed ring of see invisible for 165 gold
                  | pieces
 16720 | D:11     | Identified the cursed +0 ring mail "Yrum" {rPois rN+ SInv}
 17487 | D:12     | Noticed Sonja
 17489 | D:12     | Killed Sonja
 17657 | D:12     | Reached skill level 1 in Shields
 17926 | D:12     | You fall through a shaft for 3 floors!
 17926 | D:15     | Entered Level 15 of the Dungeon
 17960 | D:15     | Received a gift from Trog
 18097 | D:15     | Noticed Jorgrun
 18191 | D:15     | Reached skill level 20 in Polearms
 18387 | D:15     | Found a staircase to the Depths.
 18415 | D:15     | Noticed Azrael
 18463 | D:15     | Killed Azrael
 18624 | D:15     | Identified the +3 large shield of Honesty {MP+9}
 18624 | D:15     | Noticed Louise
 18681 | D:15     | Killed Louise
 18698 | D:15     | Reached XP level 15. HP: 110/122 MP: 16/16
 18721 | D:15     | Found Hill's Gadget Boutique.
 18804 | D:14     | Mangled by a very large slime creature

Skill      XL: |  1  2  3  4  5  6  7  8  9 10 11 12 13 14 |
---------------+-------------------------------------------+-----
Polearms       | 5 6 7 8 9 10 11 13 14 16 17 19 20 | 20.6
Fighting       | 4 5 6 7 8 9 10 11 12 | 12.5
Dodging        | 3 4 6 8 9 10 12 13 | 13.1
Armour         | 2 3 5 6 7 9 10 11 | 11.3
Evocations     | 2 |  2.0
Shields        | 1 |  1.1

Action                   |  1- 3 |  4- 6 |  7- 9 | 10-12 | 13-15 || total
-------------------------+-------+-------+-------+-------+-------++-------
Melee: Spear             |   110 |   185 |       |       |       ||   295
       Trident           |       |    46 |   338 |  1057 |  1090 ||  2531
       Tailslap          |       |       |       |     2 |       ||     2
       Glaive            |       |       |       |       |   354 ||   354
Throw: Stone             |     8 |       |       |       |       ||     8
       Tomahawk          |       |     2 |     1 |     1 |       ||     4
       Javelin           |       |       |       |     5 |     3 ||     8
Invok: Berserk           |       |     2 |       |     4 |     3 ||     9
       Trog's Hand       |       |       |     2 |     1 |     6 ||     9
Evoke: Wand              |       |       |       |       |     2 ||     2
  Use: Scroll            |       |     8 |     2 |     3 |    23 ||    36
       Potion            |       |       |       |     2 |       ||     2
 Stab: Sleeping          |     1 |       |       |       |       ||     1
       Distracted        |       |       |       |     1 |       ||     1
  Eat: Chunk             |     2 |     6 |     8 |    18 |    30 ||    64
       Ration            |       |     2 |       |     1 |     2 ||     5
Armor: Leather armour    |     8 |       |       |       |       ||     8
       Ring mail         |    10 |    60 |    10 |       |       ||    80
       Plate armour      |       |       |    21 |       |   201 ||   222
       Chain mail        |       |       |   109 |   318 |   215 ||   642
       Skin              |       |       |    16 |       |       ||    16
Dodge: Dodged            |    35 |   100 |   129 |   503 |   690 ||  1457
